 Dungeon Crawl Stone Soup version 0.24-a0-201-gf205589 (webtiles) character file.

Game seed: 16559437887637726822

8 Ivan the Grasshopper (level 2, -1/19 HPs)
             Began as an Octopode Warper on Mar 25, 2019.
             Slain by a giant cockroach (2 damage)
             ... on level 1 of the Dungeon.
             The game lasted 00:00:36 (143 turns).

Ivan the Grasshopper (Octopode Warper)               Turns: 143, Time: 00:00:37

Health: -1/19      AC:  1    Str: 10    XL:     2   Next: 8%
Magic:  5/5        EV: 19    Int: 15    God:
Gold:   18         SH:  0    Dex: 16    Spells: 5/5 levels left

rFire    . . .     SeeInvis .   a - +0 mace
rCold    . . .     Gourm    .   (no shield)
rNeg     . . .     Faith    .   (helmet restricted)
rPois    .         Spirit   .   (no amulet)
rElec    .         Reflect  .   (no ring)
rCorr    .         Harm     .   (no ring)
MR       .....                  (no ring)
Stlth    +++.......             (no ring)
HPRegen  0.06/turn              (no ring)
MPRegen  0.09/turn              (no ring)
                                (no ring)
                                (no ring)

@: agile
A: almost no armour, stealthy swim, amphibious, 8 rings, constrict 8, camouflage
1, gelatinous body 1
a: no special abilities


You were on level 1 of the Dungeon.
You were not hungry.

You visited 1 branch of the dungeon, and saw 1 of its levels.

You collected 18 gold pieces.

Inventory:

Hand Weapons
 a - a +0 mace (weapon)
Missiles
 d - 5 tomahawks of dispersal (quivered)
Jewellery
 e - an uncursed ring of flight {unknown}
Scrolls
 c - a scroll of blinking
Comestibles
 f - a ration


   Skills:
 + Level 2.0 Fighting
 + Level 2.3 Maces & Flails
 + Level 1.2 Throwing
 + Level 2.4 Dodging
 + Level 2.1 Spellcasting
   Level 3.0 Translocations


You had 5 spell levels left.
You didn't know any spells.
Your spell library contained the following spells:

 Spells                   Type           Power        Failure   Level  Hunger
 Blink                    Tloc           N/A          10%         2    ###....
 Shroud of Golubria       Chrm/Tloc      #.........   19%         2    ###....
 Gell's Gravitas          Tloc           ##........   19%         3    ###....
 Lesser Beckoning         Tloc           ##........   19%         3    ###....
 Teleport Other           Tloc           ##......     19%         3    ###....
 Passage of Golubria      Tloc           N/A          54%         4    #####..


Dungeon Overview and Level Annotations

Branches:
Dungeon (1/15)

Altars:


Innate Abilities, Weirdness & Mutations

You cannot wear most types of armour.
You are very stealthy in the water. (Stealth+)
You are amphibious.
You can wear up to eight rings at the same time.
You can use your tentacles to constrict eight enemies at once.
Your skin changes colour to match your surroundings (Stealth+).
Your rubbery body absorbs attacks. (AC +1, EV +1)


Message History

The giant cockroach completely misses you.
The leopard gecko bites you.
* * * LOW HITPOINT WARNING * * *
You hit the leopard gecko. You grab the leopard gecko.
The leopard gecko is severely wounded.
You constrict the leopard gecko, but do no damage.
The giant cockroach closely misses you. The leopard gecko closely misses you.
The giant cockroach bites you.
* * * LOW HITPOINT WARNING * * *
You hit the leopard gecko.
You kill the leopard gecko!
You have reached level 2!
The giant cockroach bites you.
* * * LOW HITPOINT WARNING * * *
The giant cockroach completely misses you.
It was a potion of agility.
You feel agile all of a sudden. The giant cockroach misses you.
The giant cockroach bites you.
You die...

....## #.### #.# #. #...$.
#.#.. #.# #. ##..... #.#.#
#.#####.#######. ....... #.#.#
#............... ....... #.#.#
#######......... ##.....###.#.#
#...##.####.
...........#.#######.#.##..###.
......)...†..s.................
.#############@#############.##
#.#...........#.#.
#.#.####.####.#.#. #.#
#.#....#.#. #.# #.#.####.## ...
#.#........ ########.#########
.................
#..#####..#######


You could see a giant cockroach.

Vanquished Creatures
  A dart slug (D:1)
  A leopard gecko (D:1)
  A goblin (D:1)
  3 bats (D:1)
6 creatures vanquished.

Notes
Turn   | Place    | Note
-------+----------+-------------------------------------------
     0 | D:1      | Ivan the Octopode Warper began the quest for the Orb.
     0 | D:1      | Reached XP level 1. HP: 14/14 MP: 3/3
   139 | D:1      | Reached XP level 2. HP: 2/19 MP: 5/5
   143 | D:1      | Slain by a giant cockroach

Levels and vault maps discovered:
D:1:      lightli_arrival_quake, layout_loops_ring, roderic_lattice_a,
          st_stairs_4

Action                   || total
-------------------------++-------
Melee: Mace              ||    17
       Constrict         ||     5
       Tentacles         ||     1
  Use: Potion            ||     1
 Stab: Sleeping          ||     2
Armor: Skin              ||     8
Dodge: Dodged            ||    24

Table legend:
 A = Non-vault XP
 B = Vault XP
 C = Vault XP percentage of total XP
 D = Non-vault monster count
 E = Vault monster count
 F = Vault count percentage of total count
                 A         B        C        D         E       F
            +---------+---------+-------+---------+---------+-------
      Total |      12 |       0 |   0.0 |       6 |       0 |   0.0
            +---------+---------+-------+---------+---------+-------
        D:1 |      12 |       0 |   0.0 |       6 |       0 |   0.0
            +---------+---------+-------+---------+---------+-------
